 Dungeon Crawl Stone Soup version 0.20-a0-903-g7e3609c (webtiles) character file.

21 Goblin1989 the Ducker (level 3, -1/21 HPs)
             Began as a Kobold Gladiator on Mar 21, 2017.
             Slain by a gnoll
             ... wielding a +0 spear
              (5 damage)
             ... on level 1 of the Dungeon.
             The game lasted 00:01:07 (551 turns).

Goblin1989 the Ducker (Kobold Gladiator)             Turns: 551, Time: 00:01:08

Health: -1/21      AC:  4    Str: 12    XL:     3   Next: 5%
Magic:  3/3        EV: 16    Int:  9    God:
Gold:   14         SH:  0    Dex: 16    Spells: 2/2 levels left

rFire    . . .     SeeInvis .   a - +0 quarterstaff
rCold    . . .     Gourm    .   b - +0 leather armour
rNeg     . . .     Faith    .   (shield currently unavailable)
rPois    .         Spirit   .   c - +0 helmet
rElec    .         Reflect  .   (no cloak)
rCorr    .         Harm     .   (no gloves)
MR       .....                  (no boots)
Stlth    +.........             (no amulet)
Regen    0.1/turn               (no ring)
MPRegen  0.1/turn               (no ring)

@: no status effects
A: carnivore 3
a: no special abilities


You were on level 1 of the Dungeon.
You were completely stuffed.

You visited 1 branch of the dungeon, and saw 1 of its levels.

You collected 14 gold pieces.

Inventory:

Hand Weapons
 a - a +0 quarterstaff (weapon)
Missiles
 Z - 3 throwing nets {!d, =f}
Armour
 b - a +0 leather armour (worn)
 c - a +0 helmet (worn)
Scrolls
 g - 2 scrolls of identify {unknown}
Potions
 d - a potion of heal wounds {unknown}
 e - a potion of curing {unknown}
Comestibles
 f - a meat ration {@e2}
 h - 5 chunks of flesh


   Skills:
 - Level 2.1 Fighting
 + Level 3.6 Staves
 - Level 2.1 Throwing
 - Level 3.6 Dodging


You had 2 spell levels left.
You didn't know any spells.

Dungeon Overview and Level Annotations

Branches:
Dungeon (1/15)

Altars:


Innate Abilities, Weirdness & Mutations

You are small and have problems with some larger weapons.
You are carnivorous and can eat meat at any time.


Message History

No target in view!
No target in view!
No target in view!
Found a stone staircase leading down.
A hobgoblin comes into view. It is wielding a club.
A hobgoblin is nearby!
The hobgoblin shouts!
You see here a spear.
There is a stone staircase leading down here.
You sock the hobgoblin!
You kill the hobgoblin!
No target in view!
No target in view!
No target in view!
No target in view!
No target in view!
No target in view!
No target in view!
No target in view!
No target in view!
No target in view!
No target in view!
No target in view!
No target in view!
No target in view!
No target in view!
No target in view!
No target in view!
No target in view!
No target in view!
You butcher the hobgoblin corpse.
h - 5 chunks of flesh (gained 4)
You see here a club. x2
You now have 14 gold pieces.
A goblin and a hobgoblin come into view.
There are monsters nearby!
A frilled lizard comes into view.
The frilled lizard hisses angrily.
The goblin shouts!
You hear an angry hiss.
The gnoll shouts!
You hit the goblin.
You kill the goblin!
You sock the hobgoblin!
You kill the hobgoblin!
A goblin comes into view.
The frilled lizard completely misses you.
A frilled lizard comes into view.
You hit the frilled lizard.
The frilled lizard is heavily wounded.
The gnoll closely misses you.
The frilled lizard bites you but does no damage.
The gnoll completely misses you.
You sock the frilled lizard!
You kill the frilled lizard!
You have reached level 3!
Your experience leads to an increase in your attributes!
Increase (S)trength, (I)ntelligence, or (D)exterity?
You feel stronger.
The gnoll hits you from afar with a spear!
You take 5 damage, and have 12/21 hp.
MASSIVE DAMAGE!!
MP restored: 3 Unknown command.
You are too injured to fight recklessly!
You are too injured to fight recklessly!
You are too injured to fight recklessly!
You are too injured to fight recklessly!
You are too injured to fight recklessly!
You are too injured to fight recklessly!
You are too injured to fight recklessly!
You are too injured to fight recklessly!
You are too injured to fight recklessly!
You are too injured to fight recklessly!
Sorry, you're not good enough to have a special ability.
Sorry, you're not good enough to have a special ability.
Sorry, you're not good enough to have a special ability.
Unknown command.
A bat comes into view.
You see here a club.
There is a stone staircase leading down here.
The frilled lizard misses you.
You see here a club.
You closely miss the frilled lizard. The frilled lizard barely misses you.
You sock the frilled lizard!
You kill the frilled lizard!
The gnoll hits you from afar with a spear!
* * * LOW HITPOINT WARNING * * *
You take 6 damage, and have 7/21 hp.
MASSIVE DAMAGE!!
You sock the goblin!
You kill the goblin!
The gnoll closely misses you.
There is a stone staircase leading down here.
The gnoll hits you with a spear.
* * * LOW HITPOINT WARNING * * *
You see here a club.
You take 3 damage, and have 4/21 hp.
You barely miss the gnoll.
The gnoll hits you but does no damage. x2
You hit the gnoll but do no damage. The gnoll misses you.
You sock the gnoll!
The gnoll is severely wounded.
The gnoll hits you with a spear.
You die...

███.█.██..██.█..██≈..♣...P.≈█
█.██.g██.....█♣♣.......♣█
█.██.....█.........<...≈.
█.████.█.█.███♣♣.......♣█
█.█████....█ █≈..P...P.≈█
█.█......█g█ █≈.PPP.PPP≈█
█.█.██████.█ █≈..P...P.≈█ █
█.█.██████.█ █≈≈≈≈♣≈♣≈≈≈█
█.███.....)>@g.█ ██████.█████
███ █....██.████████ ....[..
.)██████.██.█ █......
█...........█ █.█████
████████.████ █ █.█ █ █.█ █
█.. █ ███ █


You could see a gnoll.

Vanquished Creatures
  2 dart slugs (D:1)
  2 giant cockroaches (D:1)
  5 goblins (D:1)
  2 hobgoblins (D:1)
  2 ball pythons (D:1)
  3 frilled lizards (D:1)
  2 rats (D:1)
18 creatures vanquished.

Vanquished Creatures (others)
  5 toadstools (D:1)
5 creatures vanquished.

Grand Total: 23 creatures vanquished

Notes
Turn   | Place    | Note
-------+----------+-------------------------------------------
     0 | D:1      | Goblin1989 the Kobold Gladiator began the quest for the Orb.
     0 | D:1      | Reached XP level 1. HP: 12/12 MP: 1/1
   263 | D:1      | Reached XP level 2. HP: 17/17 MP: 2/2
   519 | D:1      | Reached XP level 3. HP: 21/21 MP: 3/3
   551 | D:1      | Slain by a gnoll

Vault maps used:
D:1:      ldierk_walled_garden

Skill      XL: |  1 |
---------------+----+-----
Staves         | 3 |  3.6
Fighting       | |  2.1
Throwing       | |  2.1
Dodging        | |  3.6

Action                   || total
-------------------------++-------
Melee: Quarterstaff      ||    48
  Eat: Chunk             ||     7
Armor: Leather armour    ||     6
Dodge: Dodged            ||    39

Vault maps used:
D:1:      ldierk_walled_garden
